 Dungeon Crawl Stone Soup version 0.17.2-1-ge4368a0 (webtiles) character file.

15663 tidbits the Martial Artist (level 11, -3/92 HPs)
             Began as a Demigod Transmuter on Sept 21, 2017.
             Slain by a neqoxec (8 damage)
             ... summoned by Frances
             ... on level 14 of the Dungeon on Sept 22, 2017.
             The game lasted 01:03:52 (5761 turns).

tidbits the Martial Artist (Demigod Transmuter)     Turns: 5761, Time: 01:03:52

Health: -3/92      AC: 10    Str: 13    XL:     11   Next: 72%
Magic:  9/20       EV: 17    Int: 24    God:
Gold:   533        SH:  0    Dex: 18    Spells: 4 memorised, 6 levels left

rFire  . . .     SeeInvis +       - Unarmed
rCold  + . .     Clarity  .     B - +2 troll leather armour
rNeg   . . .     SustAt   +     (shield currently unavailable)
rPois  .         Gourm    .     (no helmet)
rElec  .         Spirit   .     C - +2 cloak
rCorr  .         Warding  .     (gloves currently unavailable)
rMut   .         Stasis   .     F - +0 pair of boots
MR     +....                    R - amulet "Tahaef" {Regen+ Int+3}
Stlth  ++........               I - ring of see invisible
                                m - ring of protection from cold

@: blade hands (expiring), very slightly contaminated, starving, somewhat
resistant to hostile enchantments, unstealthy
A: high mp 1, sustain attributes
a: End Transformation


You were on level 14 of the Dungeon.
You were starving.
You had blades for hands.
You visited 2 branches of the dungeon, and saw 16 of its levels.
You also visited: Ossuary.

You collected 533 gold pieces.

Inventory:

Hand Weapons
 d - a +0 dagger of protection (melded)
   (You took it off a kobold on level 2 of the Dungeon)
 g - a +0 blowgun
   (You took it off a kobold on level 9 of the Dungeon)
 D - a +1 dagger of chaos
   (You took it off Psyche on level 8 of the Dungeon)
 P - a +0 shortbow
   (You took it off a centaur on level 11 of the Dungeon)
Missiles
 j - 26 sling bullets
 l - 4 javelins (quivered)
 y - 3 throwing nets {!f}
 G - 99 arrows
 H - 12 poisoned needles
Armour
 x - a +0 robe
   (You found it on level 9 of the Dungeon)
 B - a +2 troll leather armour (worn)
   (You found it on level 15 of the Dungeon)
 C - a +2 cloak (worn)
   (You found it on level 2 of the Dungeon)
 F - a +0 pair of boots (worn)
   (You found it on level 5 of the Dungeon)
 J - the cursed +0 chain mail of the Tortoise {rElec MP+9, unknown}
   (You found it on level 9 of the Dungeon)

   It insulates you from electricity.
   It affects your magic capacity (+9).
   It has a curse placed upon it.
 M - a +0 leather armour of poison resistance
   (You took it off Urug on level 12 of the Dungeon)
 Q - a +1 robe
   (You took it off Psyche on level 8 of the Dungeon)
Jewellery
 m - a ring of protection from cold (left scythe-like blade)
   (You took it off a gnoll on level 6 of the Dungeon)
 I - a ring of see invisible (right scythe-like blade)
   (You found it on level 10 of the Dungeon)
 R - the amulet "Tahaef" (around neck) {Regen+ Int+3}
   (You found it on level 9 of the Dungeon)

   [amulet of regeneration]

   It affects your intelligence (+3).
   It increases your rate of regeneration.
 V - an uncursed amulet of resist mutation {unknown}
   (You found it on level 15 of the Dungeon)
Wands
 u - a wand of lightning (4)
   (You found it on level 5 of the Dungeon)
 v - a wand of confusion (22)
   (You found it on level 7 of the Dungeon)
 K - a wand of fire (2)
   (You found it on level 9 of the Dungeon)
 N - a wand of draining (0)
   (You found it on level 12 of the Dungeon)
 U - a wand of enslavement (15)
   (You found it on level 13 of the Dungeon)
Scrolls
 b - 2 scrolls of fear {unknown}
 e - 3 scrolls of enchant weapon {unknown}
 h - 2 scrolls of amnesia
 i - 2 scrolls of brand weapon {unknown}
 k - 4 scrolls of noise {unknown}
 n - 4 scrolls of teleportation
 q - a scroll of immolation {unknown}
 r - 6 scrolls of remove curse
 s - 3 scrolls of recharging {unknown}
 W - a scroll of summoning {unknown}
Potions
 o - a potion of heal wounds
 p - 6 potions of curing
 t - 3 potions of agility
 w - a potion of degeneration {unknown}
 z - a potion of cure mutation {unknown}
 E - a potion of ambrosia
 L - a potion of brilliance
 O - 2 potions of flight {unknown}
Books
 c - a book of Changes

   Spells                             Type                      Level
   a - Beastly Appendage              Transmutation                1
   b - Sticks to Snakes               Transmutation                2
   c - Spider Form                    Transmutation/Poison         3
   d - Ice Form                       Ice/Transmutation            4
   e - Blade Hands                    Transmutation                5
 T - a book of Minor Magic
   (You found it on level 13 of the Dungeon)

   Spells                             Type                      Level
   a - Magic Dart                     Conjuration                  1
   b - Blink                          Translocation                2
   c - Call Imp                       Summoning                    2
   d - Repel Missiles                 Charms/Air                   2
   e - Slow                           Hexes                        2
   f - Conjure Flame                  Conjuration/Fire             3
   g - Mephitic Cloud                 Conjuration/Poison/Air       3
Comestibles
 a - 2 bread rations
 A - 4 meat rations


   Skills:
 + Level 7.4 Fighting
 + Level 7.4 Dodging
 - Level 2.3 Stealth
 * Level 10.8 Unarmed Combat
 - Level 4.0 Spellcasting
 + Level 9.7 Transmutations


You had 6 spell levels left.
You knew the following spells:

 Your Spells              Type           Power        Failure   Level  Hunger
h - Blade Hands           Trmt           ######....   45%         5    ######.
k - Sticks to Snakes      Trmt           ######....   12%         2    #......
m - Repel Missiles        Chrm/Air       #.....       63%         2    #......
p - Spider Form           Trmt/Pois      ####......   41%         3    ##.....


Dungeon Overview and Level Annotations

Branches:
Dungeon (15/15)              Lair (1/8) D:11            Orc (0/4) D:11
 Temple: D:4-7       Vaults: D:13-14     Depths: D:15

Shops:
D:10 :

Annotations:
D:6 tidbits's ghost, amateur DgTm
D:11 exclusion: hill giant
D:14 Frances


Innate Abilities, Weirdness & Mutations

You have an increased reservoir of magic (+10% MP).
Your attributes are resistant to harm.


Message History

Found a scroll of identify.
Found a stone staircase leading up.
There is a stone staircase leading down here.
Drink which item? (? for menu, Esc to quit)
Okay, then.
Frances misses you.
You climb downwards.
There is a stone staircase leading up here.
Casting: Blade Hands
Confirm with . or Enter, or press ? or * to list all spells.
You create 2 snakes!
Frances hits you but does no damage. Frances hits you with a short sword!
You completely miss Frances. You slash Frances!
Frances is lightly wounded.
Frances says, "I command an army of devils.
What do you command?" Frances hits you with a short sword.
Your adder bites Frances but does no damage.
You slice Frances!! You slash Frances, but do no damage.
Frances is moderately wounded.
Frances hits you with a short sword!
Your adder barely misses Frances.
You hit Frances but do no damage.
Frances is moderately wounded.
Your hands revert to their normal proportions.
Your +0 dagger of protection unmelds from your body.
You feel protected!
Frances mutters in a terrible tongue.
The iron shot misses you. The iron shot hits your adder.
Your adder dies!
Your adder bites Frances but does no damage.
Casting: Sticks to Snakes
Confirm with . or Enter, or press ? or * to list all spells.
You miscast Blade Hands.
You are very lightly contaminated with residual magic.
Your skin glows momentarily.
You are near starving!
Frances hits you with a short sword!
Your adder bites Frances but does no damage.
Frances hits you with a short sword.
Evoke which item? (* to show all) (? for menu, Esc to quit)
Zapping:
N - a wand of draining (2)
Press: ? - help, Shift-Dir - straight line, f - Frances
Aim: Frances, wielding a short sword and wearing a scale mail (moderately wounded, fast)
The bolt of negative energy misses Frances.
This wand has 1 charge left.
Your adder bites Frances.
Frances misses you.
Evoke which item? (* to show all) (? for menu, Esc to quit)
Zapping:
N - a wand of draining (1)
Press: ? - help, Shift-Dir - straight line, f/p - Frances
Aim: Frances, wielding a short sword and wearing a scale mail (moderately wounded, fast)
The bolt of negative energy hits Frances.
Frances is drained!
Frances is heavily wounded.
This wand has 0 charges left.
Frances barely misses you.
Your adder barely misses Frances.
Your adder bites Frances.
Casting: Blade Hands
Confirm with . or Enter, or press ? or * to list all spells.
Your hands turn into razor-sharp scythe blades.
Your +0 dagger of protection melds into your body.
You feel less protected.
You are starving!
Frances screams a word of power!
Frances closely misses you.
Your adder misses Frances. You barely miss Frances.
Frances is heavily wounded.
Frances mutters in a terrible tongue.
The shard of ice hits you! You partially resist.
* * * LOW HITPOINT WARNING * * *
Your adder bites Frances but does no damage.
You barely miss Frances.
Frances is heavily wounded.
Your transformation is almost over.
Frances barely misses you.
The neqoxec gestures.
Your adder misses Frances. You slash Frances!
Frances is heavily wounded.
Frances hits you with a short sword!
* * * LOW HITPOINT WARNING * * *
The neqoxec barely misses you.
Your adder bites Frances but does no damage.
You slice Frances!!
Frances is severely wounded.
Frances chants phrases taken from a devil's mouth.
The ufetubus hits you but does no damage.
The ufetubus hits you.
* * * LOW HITPOINT WARNING * * *
Your adder bites Frances but does no damage.
The neqoxec hits you.
* * * LOW HITPOINT WARNING * * *
Frances mutters in a terrible tongue.
The shard of ice hits your adder.
Your adder dies!
Frances shouts!
You slash Frances!
Frances is almost dead.
The quasit closely misses you. The quasit completely misses you.
The quasit claws you but does no damage.
The ufetubus closely misses you. The ufetubus misses you.
Frances hits you with a short sword!!
* * * LOW HITPOINT WARNING * * *
The neqoxec hits you!
You die...

#.# #.#
########.#
........>#
#######.##
#....####
#.##44..#
#.##5##.###
#..@@3....#
#####5###.#
#.....# #
#.##### #


You could see Frances, 2 blue devils, a neqoxec, a quasit and an ufetubus.

Vanquished Creatures
  An ogre mage (D:12)
  Urug (D:12)
  Pikel (D:8)
  An orc sorcerer (D:15)
  A wizard (D:15)
  A cyclops (D:12)
  A deep elf conjurer (D:15)
  7 ugly things (D:15)
  A centaur zombie (D:15)
  A naga mage (D:15)
  Psyche (D:8)
  3 two-headed ogres (D:12)
  Prince Ribbit (D:7)
  2 trolls
  6 slime creatures
  2 hill giant zombies (D:11)
  2 deep elf magi
  A wraith (D:15)
  Grum (D:9)
  3 wolves (D:9)
  Duvessa (D:7)
  An ice beast (D:9)
  A wasp (D:10)
  An orc warrior (D:12)
  4 slaves
  A sky beast (D:8)
  3 phantoms
  7 ogres
  4 centaurs
  2 big kobolds
  3 giant frogs
  Dowan (D:7)
  A wyvern skeleton (D:10)
  3 scorpions
  5 wights
  3 crimson imps
  2 giant frog skeletons (D:6)
  3 orc priests
  A gnoll shaman (D:6)
  4 hounds
  2 centaur skeletons
  4 worker ants
  6 orc wizards
  6 ogre zombies (D:11)
  2 killer bee zombies
  5 big kobold zombies (Ossuary)
  2 hound skeletons
  2 mummies
  A worker ant zombie (D:9)
  3 gnolls (D:6)
  6 adders
  A shadow imp (D:12)
  An adder zombie (D:7)
  4 adder skeletons
  6 giant geckos
  14 orcs
  5 spectral bats (Ossuary)
  5 giant cockroaches
  6 goblins
  3 hobgoblins (D:2)
  A quokka (D:8)
  2 ball pythons
  2 bats
  A giant newt (D:6)
  5 gnoll zombies (Ossuary)
  2 goblin skeletons (D:11)
  5 goblin zombies
  A hobgoblin skeleton (D:11)
  5 hobgoblin zombies
  2 jackals (D:1)
  A jackal skeleton (D:4)
  11 kobolds
  5 kobold zombies (Ossuary)
  4 orc skeletons (D:11)
  16 orc zombies
  5 spectral goblins (Ossuary)
  2 spectral kobolds (Ossuary)
  2 spectral rats (Ossuary)
245 creatures vanquished.

Vanquished Creatures (collateral kills)
  A hill giant (D:11)
  A necromancer (D:15)
  A centaur skeleton (D:9)
  A two-headed ogre (D:8)
  A hippogriff (D:10)
  A hungry ghost (D:11)
  A water moccasin (D:10)
  A black bear (D:8)
  A centaur (D:11)
  A phantom (D:6)
  A crocodile (D:15)
  A giant frog (D:7)
  A scorpion (D:6)
  A crimson imp (D:5)
  A quasit (D:11)
  An orc priest (D:4)
  An iguana (D:7)
  A big kobold zombie (Ossuary)
  A gnoll (D:6)
  An orc (D:10)
  A giant cockroach (D:4)
  3 goblins (D:2)
  4 hobgoblins (D:2)
  A kobold zombie (Ossuary)
  An orc skeleton (D:11)
  2 orc zombies (D:11)
32 creatures vanquished.

Vanquished Creatures (others)
  A wizard (D:4)
1 creature vanquished.

Grand Total: 278 creatures vanquished

Notes
Turn   | Place    | Note
--------------------------------------------------------------
     0 | D:1      | tidbits the Demigod Transmuter began the quest for the Orb.
     0 | D:1      | Reached XP level 1. HP: 15/15 MP: 5/5
    45 | D:1      | Reached skill level 3 in Unarmed Combat
   222 | D:2      | Reached skill level 2 in Spellcasting
   222 | D:2      | Reached XP level 2. HP: 17/22 MP: 5/7
   226 | D:2      | Learned a level 2 spell: Sticks to Snakes
   251 | D:2      | Reached skill level 2 in Transmutations
   379 | D:2      | Reached XP level 3. HP: 18/27 MP: 9/9
   384 | D:2      | Learned a level 3 spell: Spider Form
   492 | D:4      | Reached skill level 3 in Transmutations
   519 | D:4      | Reached XP level 4. HP: 18/34 MP: 1/10
   720 | D:5      | Entered Level 5 of the Dungeon
   761 | D:6      | Reached skill level 4 in Transmutations
   821 | D:5      | Noticed an ogre
   830 | D:5      | Killed an ogre
   830 | D:5      | Reached skill level 1 in Fighting
   830 | D:5      | Reached skill level 2 in Dodging
   830 | D:5      | Reached XP level 5. HP: 18/40 MP: 1/11
  1150 | D:5      | Reached XP level 6. HP: 43/48 MP: 7/12
  1172 | D:4      | Reached skill level 4 in Unarmed Combat
  1239 | D:6      | Reached skill level 2 in Fighting
  1403 | D:6      | Noticed a phantom
  1480 | D:5      | HP: 4/72 [wight/spear (6)]
  1544 | D:5      | Noticed a phantom
  1564 | D:5      | HP: 1/50 [phantom (9)]
  1575 | D:5      | Killed a phantom
  1575 | D:5      | Reached skill level 3 in Dodging
  1654 | D:6      | Noticed tidbits's ghost (amateur DgTm)
  1661 | D:6      | Reached XP level 7. HP: 32/56 MP: 9/13
  1678 | D:6      | Reached skill level 5 in Unarmed Combat
  1789 | D:4      | Found a bloodstained altar of Trog.
  1792 | D:4      | Noticed a wizard
  1798 | D:4      | Killed a wizard
  1864 | D:6      | Killed a phantom
  1864 | D:6      | Reached skill level 3 in Fighting
  2018 | D:7      | Noticed Prince Ribbit
  2033 | D:7      | Killed Prince Ribbit
  2076 | D:8      | Noticed Pikel
  2087 | D:8      | Reached skill level 6 in Unarmed Combat
  2154 | D:8      | Reached skill level 4 in Dodging
  2166 | D:8      | HP: 4/58 [orc priest/divine providence (16)]
  2170 | D:8      | Reached XP level 8. HP: 31/66 MP: 7/14
  2303 | D:7      | Reached skill level 4 in Fighting
  2358 | D:8      | Found a sand-covered staircase.
  2375 | Ossuary  | Entered an ossuary
  2970 | D:7      | Noticed Dowan
  2972 | D:7      | Noticed Duvessa
  2982 | D:7      | Killed Duvessa
  2982 | D:7      | Reached skill level 1 in Stealth
  2994 | D:7      | Killed Dowan
  2994 | D:7      | Reached skill level 7 in Unarmed Combat
  3253 | D:8      | Noticed Psyche
  3268 | D:8      | Killed Psyche
  3268 | D:8      | Reached skill level 5 in Dodging
  3268 | D:8      | Reached skill level 2 in Stealth
  3457 | D:8      | Killed Pikel
  3457 | D:8      | Reached skill level 5 in Fighting
  3457 | D:8      | Reached XP level 9. HP: 72/74 MP: 9/15
  3471 | D:8      | Noticed a two-headed ogre
  3482 | D:8      | Killed a two-headed ogre
  3482 | D:8      | Reached skill level 8 in Unarmed Combat
  3510 | D:8      | Reached skill level 5 in Transmutations
  3666 | D:9      | Got a jacinth-encrusted chain mail
  3697 | D:9      | Noticed Grum
  3784 | D:10     | Entered Level 10 of the Dungeon
  3904 | D:9      | Killed Grum
  3912 | D:9      | Reached skill level 6 in Dodging
  4064 | D:9      | Found a white marble altar of Elyvilon.
  4126 | D:9      | Got a translucent emerald amulet
  4127 | D:9      | Identified the amulet "Tahaef" {Regen+ Int+3} (You found it on level 9 of the Dungeon)
  4142 | D:9      | Reached skill level 6 in Fighting
  4142 | D:9      | Reached skill level 9 in Unarmed Combat
  4210 | D:10     | Learned a level 5 spell: Blade Hands
  4256 | D:11     | Noticed a hill giant
  4273 | D:10     | Found Makochiz's Book Shop.
  4289 | D:10     | Reached skill level 6 in Transmutations
  4401 | D:10     | Reached XP level 10. HP: 83/83 MP: 12/17
  4510 | D:12     | Noticed a cyclops
  4533 | D:12     | Killed a cyclops
  4551 | D:12     | Reached skill level 7 in Transmutations
  4589 | D:12     | Noticed Urug
  4609 | D:12     | Killed Urug
  4625 | D:11     | Found a staircase to the Lair.
  4645 | D:11     | Noticed a hill giant
  4661 | Lair:1   | Entered Level 1 of the Lair of Beasts
  4661 | Lair:1   | Noticed a five-headed hydra
  4815 | D:11     | Reached skill level 8 in Transmutations
  4864 | D:11     | Reached skill level 3 in Spellcasting
  4876 | D:11     | Found a staircase to the Orcish Mines.
  4982 | D:11     | Killed a hill giant
  4982 | D:11     | Reached skill level 4 in Spellcasting
  5075 | D:12     | Noticed an ogre mage
  5175 | D:12     | Killed an ogre mage
  5305 | D:12     | Reached XP level 11. HP: 65/91 MP: 15/20
  5361 | D:13     | Learned a level 2 spell: Repel Missiles
  5387 | D:14     | Found a shattered altar of Ashenzari.
  5399 | D:15     | Entered Level 15 of the Dungeon
  5409 | D:15     | Reached skill level 9 in Transmutations
  5514 | D:15     | Reached skill level 10 in Unarmed Combat
  5583 | D:15     | Reached skill level 7 in Fighting
  5583 | D:15     | Reached skill level 7 in Dodging
  5746 | D:13     | Noticed Frances
  5761 | D:14     | HP: 5/92 [Frances/short sword (18)]
  5761 | D:14     | Slain by a neqoxec

Action                   |  1- 3 |  4- 6 |  7- 9 | 10-12 || total
-------------------------+-------+-------+-------+-------++-------
Melee: Unarmed           |    41 |   118 |   449 |   292 ||   900
       Dagger            |    51 |    32 |    19 |    12 ||   114
Throw: Javelin           |       |       |       |     2 ||     2
 Cast: Beastly Appendage |    16 |       |       |       ||    16
       Sticks to Snakes  |     3 |    13 |    34 |    23 ||    73
       Spider Form       |     1 |    18 |    63 |     7 ||    89
       Blade Hands       |       |       |       |    17 ||    17
       Repel Missiles    |       |       |       |     2 ||     2
 Abil: End Transformatio |       |       |     4 |     2 ||     6
Evoke: Wand              |       |       |     3 |     6 ||     9
  Use: Potion            |       |     5 |     5 |       ||    10
       Scroll            |       |       |    10 |     7 ||    17
 Stab: Sleeping          |       |     2 |     8 |       ||    10
       Distracted        |       |     1 |     5 |     2 ||     8
       Invisible         |       |       |     3 |       ||     3
  Eat: Chunk             |       |     6 |    15 |     5 ||    26
       Pizza             |       |     1 |     2 |     2 ||     5
       Fruit             |       |       |     2 |       ||     2
       Bread ration      |       |       |       |     1 ||     1

Table legend:
 A = Turns spent in this place as a percentage of turns spent in the entire game.
 B = Non-inter-level travel turns spent in this place as a percentage of non-inter-level travel turns spent in the entire game.
 C = Inter-level travel turns spent in this place as a percentage of turns spent in this place.
 D = Turns resting spent in this place as a percentage of non-inter-level travel turns spent in this place.
 E = Turns spent auto-exploring this place as a percentage of non-inter-level travel turns spent in this place.
 F = Non-inter-level travel turns spent in this place divided by the number of levels of this place that you've seen.
                   A       B       C       D       E      F
               +-------+-------+-------+-------+-------+----------------------
         Total | 100.0 | 100.0 |   0.1 |   0.1 |   0.0 | 321.4
       Dungeon |  92.0 |  91.9 |   0.1 |   0.1 |   0.0 | 334.9
          Lair |   0.0 |   0.0 |   0.0 |   0.0 |   0.0 |   1.0
       Ossuary |   8.0 |   8.0 |   0.0 |   0.0 |   0.0 | 439.0
               +-------+-------+-------+-------+-------+----------------------

Table legend:
 A = Kills in this place as a percentage of kills in entire the game.
 B = Kills by you in this place as a percentage of kills by you in the entire game.
 C = Kills by friends in this place as a percentage of kills by friends in the entire game.
 D = Other kills in this place as a percentage of other kills in the entire game.
 E = Experience gained in this place as a percentage of experience gained in the entire game.
 F = Experience gained in this place divided by the number of levels of this place that you have seen.
                   A       B       C       D       E      F
               +-------+-------+-------+-------+-------+----------------------
         Total | 100.0 | 100.0 | 100.0 | 100.0 | 100.0 | 1316.3
       Dungeon |  83.9 |  82.6 |  93.8 | 100.0 |  99.1 | 1478.0
       Ossuary |  16.1 |  17.4 |   6.2 |   0.0 |   0.9 | 207.0
               +-------+-------+-------+-------+-------+----------------------

Vault maps used:
D:1:      lemuel_arrival_lava_pool
D:2:      kennysheep_okawaru_gauntlet, minitemple, first_bread,
          minmay_goblin_outpost
D:4:      trog_wizard
D:6:      lemuel_doored_altar, portal_sewer_entry_f, minmay_tree_intersection
D:7:      kennysheep_little_box, minmay_temple_entry_nine_rooms, uniq_duvessa,
          uniq_prince_ribbit1
D:8:      nicolae_ossuary_entry_giza, blue_anna_alchemist, due_unseen_surprise,
          uniq_psyche, uniq_pikel
D:9:      elyvilon_altar_5, uniq_grum
D:10:     serial_shops, shop, spider_trap, tgw_fedhas
D:11:     forest_paths, zombieorc2_lemuel
D:12:     enter_trove_2, serial_park_tiny_pond, uniq_urug
D:13:     uniq_frances
D:14:     erik_vaults_1, ashenzari_altar_1
D:15:     grunt_enter_depths_magical_seal, minmay_misc_feat_more_columns
Ossuary:  ossuary_zaba_two_paths
